TOP OF THE 1ST |
Birmingham Steeldogs batting - Pitching for San Francisco Bandits : RHP Álex Rodríguez
|
Pitching: RHP Álex Rodríguez
|
|
Batting: RHB Nick Webb
|
0-0: Ball 1-0: Fly out, F2 (Popup, 2LF)
|
Batting: LHB José Sánchez
|
0-0: Ball 1-0: DOUBLE (Line Drive, 9LS)
|
Batting: LHB Chris Miller
|
0-0: Ground out U3 (Groundball, 3L) José Sánchez to third
|
Batting: LHB Arturo Molina
|
0-0: Ball 1-0: Called Strike 1-1: Foul Ball, location: 2F 1-2: Ball 2-2: Foul Ball, location: 2F 2-2: Foul Ball, location: 2F 2-2: Ground out 6-3 (Groundball, 6M)
|
Top of the 1st over - 0 run(s), 1 hit(s), 0 error(s), 1 left on base; Birmingham 0 - San Francisco 0 |
BOTTOM OF THE 1ST |
San Francisco Bandits batting - Pitching for Birmingham Steeldogs : RHP Barton Johnson
|
Pitching: RHP Barton Johnson
|
|
Batting: RHB Pete Rideout
|
0-0: Called Strike 0-1: Ball 1-1: Swinging Strike 1-2: Strikes out swinging
|
Batting: RHB Cory Foster
|
0-0: Swinging Strike 0-1: Swinging Strike 0-2: Strikes out swinging
|
Batting: RHB Jorge Morales
|
0-0: Foul Ball, location: 2F 0-1: Ball 1-1: Ball 2-1: Ground out 5-3 (Groundball, 56)
|
Bottom of the 1st over - 0 run(s), 0 hit(s), 0 error(s), 0 left on base; Birmingham 0 - San Francisco 0 |
TOP OF THE 2ND |
Birmingham Steeldogs batting - Pitching for San Francisco Bandits : RHP Álex Rodríguez
|
Batting: RHB Eric Johnson
|
0-0: Called Strike 0-1: Swinging Strike 0-2: Foul Ball, location: 2F 0-2: Ball 1-2: Ground out 1-3 (Groundball, 13S)
|
Batting: RHB Raúl Soto
|
0-0: SINGLE (Line Drive, 34)
|
Batting: LHB Ben Kelley
|
0-0: Called Strike 0-1: Ball 1-1: Ball 2-1: SINGLE (Groundball, 23) (infield hit) Raúl Soto to second
|
Batting: RHB Lorenzo Martínez
|
0-0: Foul Ball, location: 2F 0-1: Called Strike 0-2: Strikes out swinging
|
Batting: LHB José Martínez
|
0-0: Ground out 4-3 (Groundball, 4)
|
Top of the 2nd over - 0 run(s), 2 hit(s), 0 error(s), 2 left on base; Birmingham 0 - San Francisco 0 |
BOTTOM OF THE 2ND |
San Francisco Bandits batting - Pitching for Birmingham Steeldogs : RHP Barton Johnson
|
Batting: RHB Michael Elliott
|
0-0: Ball 1-0: Called Strike 1-1: Swinging Strike 1-2: Strikes out swinging
|
Batting: LHB Jerry Bryan
|
0-0: Ball 1-0: Ball 2-0: Called Strike 2-1: Swinging Strike 2-2: Fly out, F6 (Popup, 5D)
|
Batting: RHB Bob Orr
|
0-0: Foul Ball, location: 2F 0-1: Foul Ball, location: 2F 0-2: Ball 1-2: Foul Ball, location: 2F 1-2: Strikes out swinging
|
Bottom of the 2nd over - 0 run(s), 0 hit(s), 0 error(s), 0 left on base; Birmingham 0 - San Francisco 0 |
TOP OF THE 3RD |
Birmingham Steeldogs batting - Pitching for San Francisco Bandits : RHP Álex Rodríguez
|
Batting: RHB Nick Webb
|
0-0: Ball 1-0: Called Strike 1-1: Fly out, F9 (Flyball, 9S)
|
Batting: LHB José Sánchez
|
0-0: Ball 1-0: Ball 2-0: Foul Ball, location: 2F 2-1: Foul Ball, location: 2F 2-2: Foul Ball, location: 2F 2-2: Foul Ball, location: 2F 2-2: Ground out 4-3 (Groundball, 4)
|
Batting: LHB Chris Miller
|
0-0: Called Strike 0-1: Foul Ball, location: 2F 0-2: Ball 1-2: Ball 2-2: DOUBLE (Popup, 78S)
|
Batting: LHB Arturo Molina
|
0-0: Called Strike 0-1: Ball 1-1: Swinging Strike 1-2: Ground out 4-3 (Groundball, 4)
|
Top of the 3rd over - 0 run(s), 1 hit(s), 0 error(s), 1 left on base; Birmingham 0 - San Francisco 0 |
BOTTOM OF THE 3RD |
San Francisco Bandits batting - Pitching for Birmingham Steeldogs : RHP Barton Johnson
|
Batting: RHB David Crespo
|
0-0: Ball 1-0: Foul Ball, location: 2F 1-1: Called Strike 1-2: Strikes out swinging
|
Pitching: RHP Craig Draper
|
|
Batting: RHB Glenn Melican
|
0-0: Ball 1-0: Ground out 1-3 (Groundball, 13S)
|
Batting: RHB Javier Ramírez
|
0-0: SINGLE (Flyball, 9S)
|
Batting: RHB Pete Rideout
|
0-0: Called Strike 0-1: Ball 1-1: Ground out 1-3 (Groundball, 23)
|
Bottom of the 3rd over - 0 run(s), 1 hit(s), 0 error(s), 1 left on base; Birmingham 0 - San Francisco 0 |
TOP OF THE 4TH |
Birmingham Steeldogs batting - Pitching for San Francisco Bandits : RHP Álex Rodríguez
|
Batting: RHB Eric Johnson
|
0-0: Called Strike 0-1: Ball 1-1: Ball 2-1: Foul Ball, location: 2F 2-2: Foul Ball, location: 2F 2-2: Fly out, F9 (Flyball, 9S)
|
Batting: RHB Raúl Soto
|
0-0: Swinging Strike 0-1: Called Strike 0-2: Ball 1-2: Strikes out swinging
|
Batting: LHB Ben Kelley
|
0-0: Called Strike 0-1: Called Strike 0-2: Foul Ball, location: 2F 0-2: Strikes out looking
|
Top of the 4th over - 0 run(s), 0 hit(s), 0 error(s), 0 left on base; Birmingham 0 - San Francisco 0 |
BOTTOM OF THE 4TH |
San Francisco Bandits batting - Pitching for Birmingham Steeldogs : RHP Craig Draper
|
Batting: RHB Cory Foster
|
0-0: Ball 1-0: Called Strike 1-1: Foul Ball, location: 2F 1-2: Foul Ball, location: 2F 1-2: SINGLE (Line Drive, 8LS)
|
Batting: RHB Jorge Morales
|
0-0: SINGLE (Line Drive, 56D) Cory Foster to second
|
Batting: RHB Michael Elliott
|
0-0: Foul Ball, location: 2F 0-1: Ball 1-1: Grounds into double play, 6-4-3 (Groundball, 6) Cory Foster to third
|
Batting: LHB Jerry Bryan
|
0-0: Ball 1-0: Ball 2-0: Foul Ball, location: 2F 2-1: Swinging Strike 2-2: Strikes out swinging
|
Bottom of the 4th over - 0 run(s), 2 hit(s), 0 error(s), 1 left on base; Birmingham 0 - San Francisco 0 |
TOP OF THE 5TH |
Birmingham Steeldogs batting - Pitching for San Francisco Bandits : RHP Álex Rodríguez
|
Batting: RHB Lorenzo Martínez
|
0-0: Ball 1-0: Foul Ball, location: 2F 1-1: Swinging Strike 1-2: Strikes out swinging
|
Batting: LHB José Martínez
|
0-0: Ball 1-0: Foul Ball, location: 2F 1-1: SINGLE (Groundball, 56D)
|
Batting: RHB Nick Webb
|
0-0: Swinging Strike 0-1: SINGLE (Line Drive, 56D) José Martínez to second
|
Batting: LHB José Sánchez
|
0-0: Called Strike 0-1: Foul Ball, location: 2F 0-2: Ground out 4-3 (Groundball, 4M) José Martínez to third Nick Webb to second
|
Batting: LHB Chris Miller
|
0-0: Called Strike 0-1: Ball 1-1: SINGLE (Groundball, 34D) José Martínez scores Nick Webb to third Runner from 3rd tries for Home, SAFE, no throw or cutoff
|
Batting: LHB Arturo Molina
|
0-0: Ball 1-0: Foul Ball, location: 2F 1-1: Ball 2-1: DOUBLE (Flyball, 8LXD) Chris Miller to third Runner from 3rd tries for Home, SAFE, no throw or cutoff
|
Batting: RHB Eric Johnson
|
0-0: Ball 1-0: Ball 2-0: Called Strike 2-1: Ball 3-1: Foul Ball, location: 2F 3-2: Foul Ball, location: 2F 3-2: Foul Ball, location: 2F 3-2: Ground out 6-3 (Groundball, 6)
|
Top of the 5th over - 3 run(s), 4 hit(s), 0 error(s), 1 left on base; Birmingham 3 - San Francisco 0 |
BOTTOM OF THE 5TH |
San Francisco Bandits batting - Pitching for Birmingham Steeldogs : RHP Craig Draper
|
Batting: RHB Bob Orr
|
0-0: Called Strike 0-1: Called Strike 0-2: Ball 1-2: Ball 2-2: Fly out, F8 (Flyball, 8RD)
|
Batting: RHB David Crespo
|
0-0: Ball 1-0: Ball 2-0: Called Strike 2-1: Ball 3-1: Base on Balls
|
Batting: RHB Glenn Melican
|
0-0: Foul Ball, location: 2F 0-1: Ball 1-1: DOUBLE (Line Drive, 7LD) David Crespo to third
|
Batting: RHB Javier Ramírez
|
0-0: Foul Ball, location: 2F 0-1: Foul Ball, location: 2F 0-2: Ball 1-2: Strikes out looking
|
Batting: RHB Pete Rideout
|
0-0: Called Strike 0-1: Foul Ball, location: 2F 0-2: Foul Ball, location: 2F 0-2: Fly out, F8 (Flyball, 8LXD)
|
Bottom of the 5th over - 0 run(s), 1 hit(s), 0 error(s), 2 left on base; Birmingham 3 - San Francisco 0 |
TOP OF THE 6TH |
Birmingham Steeldogs batting - Pitching for San Francisco Bandits : RHP Álex Rodríguez
|
Pitching: RHP Mal Park
|
|
Batting: RHB Raúl Soto
|
0-0: Ball 1-0: SINGLE (Line Drive, 78M)
|
Batting: LHB Ben Kelley
|
0-0: Ball 1-0: Ball 2-0: Called Strike 2-1: Foul Ball, location: 2F 2-2: Foul Ball, location: 2F 2-2: Ball 3-2: SINGLE (Groundball, 15S) (infield hit) Raúl Soto to second
|
Batting: RHB Lorenzo Martínez
|
0-0: Ball 1-0: Swinging Strike 1-1: Foul Ball, location: 2F 1-2: Fly out, F8 (Flyball, 8LD) Runner from 2nd tags up, SAFE at 3rd, no throw
|
Batting: LHB José Martínez
|
0-0: Swinging Strike 0-1: Ball 1-1: Fielders Choice at 2nd, 3-6 (Groundball, 3) Raúl Soto scores
|
Batting: RHB Nick Webb
|
0-0: Called Strike 0-1: Swinging Strike 0-2: Strikes out swinging
|
Top of the 6th over - 1 run(s), 2 hit(s), 0 error(s), 1 left on base; Birmingham 4 - San Francisco 0 |
BOTTOM OF THE 6TH |
San Francisco Bandits batting - Pitching for Birmingham Steeldogs : RHP Craig Draper
|
Batting: RHB Cory Foster
|
0-0: Ball 1-0: Ball 2-0: Foul Ball, location: 2F 2-1: Ball 3-1: Called Strike 3-2: Base on Balls
|
Pitching: RHP Pat Lee
|
|
Batting: RHB Jorge Morales
|
Balk! Cory Foster to second 0-0: Called Strike 0-1: Ball 1-1: Foul Ball, location: 2F 1-2: Foul Ball, location: 2F 1-2: Ball 2-2: Strikes out swinging
|
Batting: RHB Michael Elliott
|
0-0: Called Strike 0-1: Swinging Strike 0-2: Ball 1-2: Ground out 5-3 (Groundball, 5L)
|
Batting: LHB Jerry Bryan
|
0-0: Called Strike 0-1: Swinging Strike 0-2: Ball 1-2: Strikes out swinging
|
Bottom of the 6th over - 0 run(s), 0 hit(s), 0 error(s), 1 left on base; Birmingham 4 - San Francisco 0 |
TOP OF THE 7TH |
Birmingham Steeldogs batting - Pitching for San Francisco Bandits : RHP Mal Park
|
Batting: LHB José Sánchez
|
0-0: Ball 1-0: Fly out, F9 (Flyball, 9M)
|
Batting: LHB Chris Miller
|
0-0: Ball 1-0: Foul Ball, location: 2F 1-1: Fly out, F7 (Popup, 7LS)
|
Batting: LHB Arturo Molina
|
0-0: Swinging Strike 0-1: Called Strike 0-2: Strikes out swinging
|
Top of the 7th over - 0 run(s), 0 hit(s), 0 error(s), 0 left on base; Birmingham 4 - San Francisco 0 |
BOTTOM OF THE 7TH |
San Francisco Bandits batting - Pitching for Birmingham Steeldogs : RHP Pat Lee
|
Batting: RHB Bob Orr
|
0-0: Ball 1-0: Ball 2-0: Foul Ball, location: 2F 2-1: Called Strike 2-2: Ball 3-2: Base on Balls
|
Batting: RHB David Crespo
|
0-0: Foul Ball, location: 2F 0-1: Ball 1-1: Ball 2-1: Swinging Strike 2-2: Strikes out looking
|
Batting: RHB Glenn Melican
|
0-0: Ball 1-0: Ground out 4-3 (Groundball, 34S) Bob Orr to second
|
Batting: RHB Javier Ramírez
|
0-0: Hit by Pitch
|
Batting: RHB Pete Rideout
|
0-0: Ball 1-0: Called Strike 1-1: Called Strike 1-2: Ball 2-2: Strikes out swinging
|
Bottom of the 7th over - 0 run(s), 0 hit(s), 0 error(s), 2 left on base; Birmingham 4 - San Francisco 0 |
TOP OF THE 8TH |
Birmingham Steeldogs batting - Pitching for San Francisco Bandits : RHP Mal Park
|
Pitching: RHP Tim Lyons
|
|
Batting: RHB Eric Johnson
|
0-0: Swinging Strike 0-1: Ground out 5-3 (Groundball, 56)
|
Batting: RHB Raúl Soto
|
0-0: Ball 1-0: Fly out, F7 (Flyball, 7LM)
|
Batting: LHB Ben Kelley
|
0-0: Called Strike 0-1: Ball 1-1: Foul Ball, location: 2F 1-2: Foul Ball, location: 2F 1-2: Ball 2-2: Strikes out swinging
|
Top of the 8th over - 0 run(s), 0 hit(s), 0 error(s), 0 left on base; Birmingham 4 - San Francisco 0 |
BOTTOM OF THE 8TH |
San Francisco Bandits batting - Pitching for Birmingham Steeldogs : RHP Pat Lee
|
Pitching: RHP Michel Dallaire
|
|
Batting: RHB Cory Foster
|
0-0: Ball 1-0: Ball 2-0: Ball 3-0: Base on Balls
|
Batting: RHB Jorge Morales
|
0-0: Called Strike 0-1: Swinging Strike 0-2: Ball 1-2: Ball 2-2: SINGLE (Groundball, 34) Cory Foster to second Runner from 2nd tries for 3rd, SAFE, no throw or cutoff
|
Batting: RHB Michael Elliott
|
0-0: Ball 1-0: Called Strike 1-1: Ball 2-1: Foul Ball, location: 2F 2-2: Ball 3-2: DOUBLE (Line Drive, 8RS) Cory Foster scores Jorge Morales to third
|
Batting: LHB Jerry Bryan
|
0-0: Ball 1-0: Ball 2-0: Ball 3-0: Base on Balls
|
Batting: RHB Bob Orr
|
0-0: Ball 1-0: Ball 2-0: Ball 3-0: Called Strike 3-1: Fly out, F6 (Popup, 6)
|
Batting: RHB David Crespo
|
0-0: Ball 1-0: Ball 2-0: Called Strike 2-1: Called Strike 2-2: Ball 3-2: Base on Balls Jorge Morales scores Michael Elliott to third Jerry Bryan to second
|
Pitching: RHP José Ruíz
|
|
Batting: RHB Glenn Melican
|
0-0: Fly out, F3 (Popup, 34)
|
Batting: RHB Javier Ramírez
|
0-0: Ball 1-0: Called Strike 1-1: Ball 2-1: Fly out, F7 (Flyball, 7D)
|
Bottom of the 8th over - 2 run(s), 2 hit(s), 0 error(s), 3 left on base; Birmingham 4 - San Francisco 2 |
TOP OF THE 9TH |
Birmingham Steeldogs batting - Pitching for San Francisco Bandits : RHP Tim Lyons
|
Batting: RHB Lorenzo Martínez
|
0-0: Called Strike 0-1: Ball 1-1: Foul Ball, location: 2F 1-2: Ball 2-2: Ground out 4-3 (Groundball, 4)
|
Batting: LHB José Martínez
|
0-0: Called Strike 0-1: Ground out 4-3 (Groundball, 4)
|
Batting: RHB Nick Webb
|
0-0: Ball 1-0: Fly out, F4 (Line Drive, 4M)
|
Top of the 9th over - 0 run(s), 0 hit(s), 0 error(s), 0 left on base; Birmingham 4 - San Francisco 2 |
BOTTOM OF THE 9TH |
San Francisco Bandits batting - Pitching for Birmingham Steeldogs : RHP José Ruíz
|
Pitching: RHP David Simpson
|
|
Now at 1B: Júlio Pacheco
|
|
Batting: RHB Pete Rideout
|
0-0: Called Strike 0-1: Ball 1-1: Ball 2-1: Fly out, F8 (Flyball, 8RS)
|
Batting: RHB Cory Foster
|
0-0: Ball 1-0: Ball 2-0: Ball 3-0: Called Strike 3-1: Ground out 6-3 (Groundball, 6)
|
Batting: RHB Jorge Morales
|
0-0: Foul Ball, location: 2F 0-1: Swinging Strike 0-2: Strikes out looking
|
Bottom of the 9th over - 0 run(s), 0 hit(s), 0 error(s), 0 left on base; Birmingham 4 - San Francisco 2 |
|